 Dungeon Crawl Stone Soup version 0.26.1-2-gb8aa6d0cf2 (webtiles) character file.

Game seed: 14727939018508757836

348 CrazyMind the Covert (level 6, 0/30 HPs)
             Began as a Spriggan Brigand on Mar 30, 2021.
             Was an Initiate of Wu Jian.
             Slain by Natasha (9 damage)
             ... on level 3 of the Dungeon.
             The game lasted 00:21:56 (4846 turns).

CrazyMind the Covert (Spriggan Brigand)             Turns: 4846, Time: 00:21:57

Health: 0/30       AC:  3    Str:  8    XL:     6   Next: 33%
Magic:  7/7        EV: 19    Int: 13    God:    Wu Jian [......]
Gold:   134        SH:  0    Dex: 18    Spells: 5/5 levels left

rFire    . . .     SeeInvis +   a - +2 dagger
rCold    . . .     Faith    .   (shield restricted)
rNeg     . . .     Spirit   .   b - +0 robe
rPois    .         Reflect  .   (helmet restricted)
rElec    .         Harm     .   c - +0 cloak
rCorr    .         Rampage  .   (gloves unavailable)
Will     +....                  (boots unavailable)
Stlth    +++++.....             k - amulet of the acrobat
HPRegen  0.10/turn              m - ring of stealth
MPRegen  0.10/turn              (no ring)

@: about to teleport, very quick
A: very small, unfitting armour, see invisible, speed 3
a: Renounce Religion


You were on level 3 of the Dungeon.
You worshipped Wu Jian.
Wu Jian was noncommittal.
You visited 2 branches of the dungeon, and saw 5 of its levels.

You collected 134 gold pieces.

Inventory:

Hand Weapons
 a - a +2 dagger (weapon)
 o - a +0 rapier
 r - a +0 hunting sling
Missiles
 d - 3 poisoned darts (quivered)
 i - 113 stones
 l - 38 bolts
 p - 24 arrows
Armour
 b - a +0 robe (worn)
 c - a +0 cloak (worn)
Jewellery
 h - an uncursed amulet of magic regeneration
 k - an amulet of the acrobat (around neck)
 m - a ring of stealth (left hand)
Scrolls
 n - 2 scrolls of identify
 q - 3 scrolls of magic mapping
 t - a scroll of remove curse
 w - a scroll of blinking {unknown}
Potions
 j - a potion of flight
 x - a potion of might {unknown}


   Skills:
 + Level 2.2 Fighting
 + Level 4.3 Short Blades
 + Level 2.8 Throwing
 + Level 3.9 Dodging
 + Level 8.4 Stealth


You had 5 spell levels left.
You didn't know any spells.
Your spell library was empty.

Dungeon Overview and Level Annotations

Branches:
Dungeon (4/15)             Temple (1/1) D:4

Altars:
Dithmenos
Gozag
Hepliaklqana
Nemelex Xobeh
Qazlal
Sif Muna
Trog
Vehumet
Wu Jian
Xom
Yredelemnul
The Shining One

Shops:
D:3 *

Annotations:
D:3 Natasha, Sigmund
D:4 exclusions: adder and wyvern


Innate Abilities, Weirdness & Mutations

You are very small and have problems with some larger weapons.
You are too small for most types of armour.
You have supernaturally acute eyesight. (SInv)
You cover ground extremely quickly.


Message History

Natasha closely misses you.
As you read the scroll labelled JOSSIT SOOCYH, it crumbles to dust.
You hear a loud clanging noise!
It was a scroll of noise.
You hear a shout!
Natasha barely misses you.
As you read the scroll labelled WAEKIA AXOGRA, it crumbles to dust.
The creatures around you are filled with an inner flame!
It was a scroll of immolation.
Flame seeps out of Natasha.
Natasha casts a spell.
Sigmund misses you.
You closely miss Natasha.
Natasha is severely wounded.
Natasha casts a spell at you. The magic dart hits you!
* * * LOW HITPOINT WARNING * * *
As you read the scroll labelled XOLASUGHAOD, it crumbles to dust.
You feel strangely unstable.
It was a scroll of teleportation.
Flame seeps out of Natasha.
Sigmund misses you. Natasha claws you!
You die...

...[.....#.....# g....
.........#.....# K....
.........#.....# .....
.........#.....# ...$.
########.##'############
..... #..#.# #.........
..... ##.#.# #§§§§.....
..... #.#.# #§§§§.....
..... #...# #§@h@..... .
#...# #§5§§§.... . #...#
#§§§§..... # #..>#
#..§...... #####.###
#......... #.....#
#......... #.###.#
########## #)# #.#
#.#####


You could see Sigmund (inner flame), Natasha (inner flame, poisoned) and a white
imp (summoned).

Vanquished Creatures
  A howler monkey (D:4)
  An orc wizard (D:4)
  2 hounds
  A centaur skeleton (D:4)
  Natasha (twice) (D:3)
  A worker ant (D:4)
  3 adders (D:3)
  2 adder skeletons (D:4)
  A dart slug (D:2)
  4 leopard geckos
  5 orcs (D:3)
  4 giant cockroaches
  9 goblins
  5 hobgoblins
  14 jackals
  5 kobolds
  3 quokkas
  A ball python (D:1)
  A ball python zombie (D:3)
  6 bats
  2 frilled lizards
  7 rats (D:1)
80 creatures vanquished.

Notes
Turn   | Place    | Note
-------+----------+-------------------------------------------
     0 | D:1      | CrazyMind the Spriggan Brigand began the quest for the Orb.
     0 | D:1      | Reached XP level 1. HP: 10/10 MP: 2/2
    26 | D:1      | Reached skill level 6 in Stealth
   370 | D:1      | Reached XP level 2. HP: 15/15 MP: 3/3
   718 | D:1      | Reached skill level 7 in Stealth
   718 | D:1      | Reached XP level 3. HP: 8/18 MP: 4/4
  1471 | D:2      | Reached XP level 4. HP: 23/23 MP: 5/5
  2142 | D:3      | Found Gozag's Platinum Reserve.
  2143 | D:3      | Found an opulent altar of Gozag.
  2556 | D:3      | Noticed Sigmund
  2701 | D:3      | Found an opulent altar of Gozag.
  2747 | D:3      | Noticed Natasha
  3176 | D:4      | Found a staircase to the Ecumenical Temple.
  3184 | Temple   | Entered the Ecumenical Temple
  3274 | Temple   | Became a worshipper of the Wu Jian Council
  3338 | Temple   | Reached XP level 5. HP: 8/26 MP: 6/6
  3700 | D:4      | Reached skill level 8 in Stealth
  3754 | D:4      | Noticed a wyvern
  4050 | D:4      | Reached XP level 6. HP: 27/30 MP: 7/7
  4375 | D:3      | Killed Natasha
  4459 | D:3      | Noticed Natasha
  4468 | D:3      | Killed Natasha
  4833 | D:3      | Noticed Natasha
  4846 | D:3      | Slain by Natasha

Illustrated notes

Levels and vault maps discovered:
D:1:      psy_arrival_conway, layout_basic
D:2:      layout_loops_ring
D:3:      layout_basic, lemuel_round_altar, nicolae_gozag_zags_fifth_avenue,
          uniq_natasha, uniq_sigmund
D:4:      layout_basic, temple_statues
Temple:   jpeg_temple_clearing

Skill      XL: |  1  2  3  4  5 |
---------------+----------------+-----
Stealth        | 6 7 8 |  8.4
Dodging        | 2 3 |  3.9
Short Blades   | 3 4 |  4.3
Fighting       | 2 |  2.2
Throwing       | |  2.8

Action                   |  1- 3 |  4- 6 || total
-------------------------+-------+-------++-------
Melee: Dagger            |   101 |   227 ||   328
Throw: Stone             |     1 |    36 ||    37
       Dart              |       |    23 ||    23
Invok: Lunge             |       |    10 ||    10
  Use: Potion            |       |     3 ||     3
       Scroll            |       |     6 ||     6
 Stab: Sleeping          |    12 |     7 ||    19
       Distracted        |     1 |       ||     1
Armor: Robe              |    11 |    26 ||    37
Dodge: Dodged            |    52 |   166 ||   218
